 Dungeon Crawl Stone Soup version 0.21.1-1-g345015f (webtiles) character file.

721 Inarius the Ruffian (level 7, -12/55 (57) HPs)
             Began as a Ghoul Gladiator on Feb 27, 2018.
             Mangled by an ogre
             ... wielding a +0 giant club
              (26 damage)
             ... on level 4 of the Dungeon.
             The game lasted 00:06:19 (3066 turns).

Inarius the Ruffian (Ghoul Gladiator)               Turns: 3066, Time: 00:06:19

HP:   -12/55 (57)   AC:  4    Str: 16 (19) XL:     7   Next: 71%
MP:   6/6           EV: 13    Int:  4      God:
Gold: 221           SH:  0    Dex:  8 (10) Spells: 6/6 levels left

rFire    . . .     SeeInvis .     - Unarmed
rCold    + . .     Gourm    .   (no shield)
rNeg     + + +     Faith    .   a - +0 leather armour
rPois    ∞         Spirit   .   b - +0 helmet
rElec    .         Reflect  .   (no cloak)
rCorr    .         Harm     .   (no gloves)
MR       .....                  (no boots)
Stlth    ++........             (no amulet)
HPRegen  0.00/turn              (no ring)
MPRegen  0.10/turn              (no ring)

@: rotting
A: rotting body, claws 1, carnivore, cold resistance 1, negative energy
resistance 3, inhibited regeneration, torment resistance, unbreathing
a: no special abilities


You were on level 4 of the Dungeon.
You were not hungry.

You visited 1 branch of the dungeon, and saw 4 of its levels.

You collected 221 gold pieces.

Inventory:

Missiles
 c - a throwing net (quivered)
Armour
 a - a +0 leather armour (worn)
 b - a +0 helmet (worn)
Wands
 f - a wand of polymorph (3)
Scrolls
 h - 2 scrolls of blinking {unknown}
 i - a scroll of noise {unknown}
 k - 6 scrolls of remove curse {unknown}
 l - 6 scrolls of identify {unknown}
 p - a scroll of enchant armour {unknown}
 q - a scroll of fog {unknown}
 s - 2 scrolls of teleportation {unknown}
 u - 2 scrolls of fear {unknown}
 v - a scroll of amnesia {unknown}
Potions
 e - 2 potions of curing
 g - a potion of magic {unknown}
 j - a potion of brilliance {unknown}
 m - a potion of haste
 n - a potion of invisibility {unknown}
 o - a potion of degeneration
 r - 2 potions of agility
 t - a potion of mutation {unknown}
 w - a potion of cancellation
Comestibles
 d - 8 rations


   Skills:
 + Level 3.1 Fighting
 - Level 1.7 Throwing
 + Level 2.8 Armour
 + Level 4.1 Dodging
 + Level 3.5 Stealth
 + Level 6.8 Unarmed Combat


You had 6 spell levels left.
You didn't know any spells.

Dungeon Overview and Level Annotations

Branches:
Dungeon (4/15)
 Temple: D:4-7

Altars:
Fedhas
Okawaru
Qazlal
Ru
Sif Muna
Zin

Annotations:
D:4 1 runed door


Innate Abilities, Weirdness & Mutations

Your body is rotting away.
You thrive on raw meat.
You are immune to poison.
You have sharp fingernails.
You are carnivorous and can eat meat at any time.
Your flesh is cold resistant. (rC+)
You are immune to negative energy. (rN+++)
You do not regenerate when monsters are visible.
You are immune to unholy pain and torment.
You can survive without breathing.


Message History

You scratch Robin.
You kill Robin!
You claw the ogre!
The ogre is moderately wounded.
You scratch the ogre but do no damage.
The ogre is moderately wounded.
The ogre hits you with a giant club!
* * * LOW HITPOINT WARNING * * *
You completely miss the ogre.
The ogre is moderately wounded.
The ogre misses you.
You closely miss the ogre.
The ogre is moderately wounded.
You barely miss the ogre.
The ogre is moderately wounded.
The ogre completely misses you.
You scratch the ogre.
The ogre is heavily wounded.
The ogre hits you with a giant club!!
You die...

.g.Z..#...........##########
..gg⌠.#...gg(..............#
..g...#..gg.g.....#######.##
⌠.⌠.O...########)## #.#
........# #)# #.# ......g.#
#)# #.# #.......# #.# #.#
#.......# #O# #.# #.......#
#@# #.# #.#####.# #.# #.# ##
##########.# #.#
######.........# #.#
####...###.####### #.#
#$$##..###.# #.#
#$$$#_.'.#.####### #.#
#$$##..#...##....# #.#
####...###.##.##.# #.#


You could see an ogre.

Vanquished Creatures
  The ghost of ScottishVillain the Skirmisher, an amateur DsAK of Lugonu (D:4)
  2 ogres
  An orc priest (D:3)
  An iguana (D:3)
  Terence (D:2)
  An orc wizard (D:4)
  3 worker ants
  A hound skeleton (D:4)
  Robin (D:4)
  4 adders
  A howler monkey skeleton (D:4)
  3 worms
  2 dart slugs
  2 leopard geckos
  10 orcs
  3 giant cockroaches
  7 hobgoblins
  7 jackals
  2 quokkas
  2 ball pythons (D:2)
  3 bats
  3 frilled lizards
  19 goblins
  9 kobolds
  12 rats
  A plant (D:3)
102 creatures vanquished.

Notes
Turn   | Place    | Note
-------+----------+-------------------------------------------
     0 | D:1      | Inarius the Ghoul Gladiator began the quest for the Orb.
     0 | D:1      | Reached XP level 1. HP: 17/17 MP: 0/0
    51 | D:1      | Reached XP level 2. HP: 17/23 MP: 1/1
   437 | D:1      | Reached XP level 3. HP: 29/29 MP: 2/2
   456 | D:1      | Reached skill level 1 in Stealth
   803 | D:2      | Reached skill level 4 in Unarmed Combat
   870 | D:2      | Reached XP level 4. HP: 27/36 MP: 3/3
  1083 | D:2      | Noticed an ogre
  1100 | D:2      | Killed an ogre
  1100 | D:2      | Reached skill level 1 in Armour
  1100 | D:2      | Reached XP level 5. HP: 24/42 MP: 4/4
  1128 | D:2      | Noticed Terence
  1136 | D:2      | Killed Terence
  1335 | D:3      | Reached skill level 5 in Unarmed Combat
  1477 | D:3      | Reached XP level 6. HP: 49/49 MP: 5/5
  1804 | D:3      | Found a stormy altar of Qazlal.
  1804 | D:3      | Found a sacrificial altar of Ru.
  1804 | D:3      | Found a blossoming altar of Fedhas.
  2167 | D:4      | Found a deep blue altar of Sif Muna.
  2208 | D:4      | Reached skill level 6 in Unarmed Combat
  2208 | D:4      | Reached XP level 7. HP: 17/56 MP: 6/6
  2245 | D:4      | Noticed ScottishVillain's ghost (amateur DsAK)
  2268 | D:4      | Killed ScottishVillain's ghost
  2499 | D:4      | Found a runed door.
  2645 | D:4      | Found an iron altar of Okawaru.
  2817 | D:4      | Found a glowing silver altar of Zin.
  3010 | D:4      | Noticed Robin
  3057 | D:4      | Killed Robin
  3066 | D:4      | Mangled by an ogre

Skill      XL: |  1  2  3  4  5  6  7 |
---------------+----------------------+-----
Dodging        | 3 4 |  4.1
Stealth        | 1 2 3 |  3.5
Unarmed Combat | 4 5 6 |  6.8
Armour         | 1 2 |  2.8
Fighting       | 3 |  3.1
Throwing       | |  1.7

Action                   |  1- 3 |  4- 6 |  7- 9 || total
-------------------------+-------+-------+-------++-------
Melee: Unarmed           |    95 |   171 |    75 ||   341
       Punch             |     2 |     4 |     1 ||     7
Throw: Throwing net      |       |     3 |     1 ||     4
  Use: Potion            |       |     3 |     2 ||     5
 Stab: Sleeping          |       |     2 |       ||     2
  Eat: Chunk             |    14 |    18 |     8 ||    40
Armor: Leather armour    |    32 |    41 |     9 ||    82
Dodge: Dodged            |    64 |    96 |    49 ||   209
